 Dungeon Crawl Stone Soup version 0.31-a0-983-g7b6862f502 (webtiles) character file.

Game seed: 13439195284235348198

779 porpoise the Vexing (level 7, -4/46 HPs)
             Began as a Demonspawn Enchanter on Nov 3, 2023.
             Slain by an ice beast (17 damage)
             ... on level 5 of the Dungeon.
             The game lasted 00:16:50 (4434 turns).

porpoise the Vexing (Demonspawn Enchanter)          Turns: 4434, Time: 00:16:50

Health: -4/46      AC:  6    Str:  9    XL:     7   Next: 54%
Magic:  0/11       EV: 12    Int: 18    God:
Gold:   205        SH:  0    Dex: 19    Spells: 4/12 levels left

rFire   . . .        a - +4 quick blade (vamp)
rCold   x . .        (no shield)
rNeg    . . .        b - +0 robe
rPois   .            w - +0 helmet
rElec   +            k - scarf of Twilight {shadows, rElec rC- rCorr Dex+6}
rCorr   +            (no gloves)
SInv    .            (no boots)
Will    .....        (no amulet)
Stlth   +++          (no ring)
HPRegen 0.27/turn    (no ring)
MPRegen 0.24/turn

%: guardian spirit
@: no status effects
A: yellow scales 2, magic shield, magic regeneration
a: no special abilities


You were on level 5 of the Dungeon.
You visited 1 branch of the dungeon, and saw 5 of its levels.

You collected 205 gold pieces.

Inventory:

Hand Weapons
 a - a +4 vampiric quick blade (weapon)
 l - a +3 short sword
 z - a +1 dagger
Missiles
 p - 13 poisoned darts (quivered)
Armour
 b - a +0 robe (worn)
 k - the scarf of Twilight (worn) {shadows, rElec rC- rCorr Dex+6}
   (You acquired it on level 2 of the Dungeon)

   Dex+6:     It affects your dexterity (+6).
   rC-:       It makes you vulnerable to cold.
   rElec:     It insulates you from electricity.
   rCorr:     It protects you from acid and corrosion.
 w - a +0 helmet (worn)
Jewellery
 v - a ring of wizardry
Wands
 x - a wand of iceblast (8)
Scrolls
 d - 2 scrolls of vulnerability
 e - a scroll of acquirement
 g - a scroll of fog {unknown}
 i - a scroll of revelation {unknown}
 m - a scroll of identify {unknown}
 n - a scroll of enchant weapon {unknown}
 o - 2 scrolls of poison
 q - 3 scrolls of teleportation
 s - a scroll of butterflies {unknown}
 u - a scroll of blinking
 y - a scroll of enchant armour {unknown}
Potions
 c - a potion of invisibility
 f - a potion of lignification {unknown}
 h - a potion of magic {unknown}
 j - 2 potions of curing
 r - a potion of ambrosia {unknown}
 t - a potion of heal wounds {unknown}
 A - a potion of resistance {unknown}


   Skills:
 * Level 3.7 Short Blades
 - Level 1.7 Dodging
 + Level 4.0 Stealth
 * Level 3.2 Spellcasting
 * Level 5.7 Hexes
 - Level 3.0 Ice Magic


You had 4 spell levels left.
You knew the following spells:

 Your Spells              Type           Power      Damage    Failure   Level
a - Confusing Touch       Hex            23%        N/A       4%          3
e - Ensorcelled Hibernat  Hex/Ice        36%        N/A       4%          2
t - Tukima's Dance        Hex            23%        N/A       4%          3

Your spell library contained the following spells:

 Spells                   Type           Power      Damage    Failure   Level
 Dazzling Flash           Conj/Hex       26%        N/A       14%         3
 Summon Guardian Golem    Hex/Summ       13%        N/A       14%         3
 Magic Dart               Conj           8%         1d3       16%         1
 Summon Small Mammal      Summ           8%         N/A       16%         1
 Searing Ray              Conj           4%         2d4       24%         2
 Call Canine Familiar     Summ           2%         N/A       43%         3
 Fulminant Prism          Conj/Hex       6%         3d7       43%         4
 Freezing Cloud           Conj/Ice/Air   3%         6-21      96%         5
 Arcjolt                  Conj/Air       1%         1d11      99%         5


Dungeon Overview and Level Annotations

Branches:
Dungeon (5/15)
 Temple: D:4-7

Altars:
Cheibriados
Gozag
Makhleb
Nemelex Xobeh
Okawaru
Trog


Innate Abilities, Weirdness & Mutations

You are mostly covered in yellow scales. (AC +3)
When hurt, damage is shared between your health and your magic reserves.
You regenerate magic rapidly.


Message History

The white imp is heavily wounded.
The white imp puffs mist at you.
The white imp hits you but does no damage.
The white imp closely misses you.
You hit the white imp but do no damage. You barely miss the white imp.
The white imp is heavily wounded.
The white imp hits you but does no damage.
You hit the white imp. You puncture the white imp!
You kill the white imp!
The ice beast hits you but does no damage.
You closely miss the ice beast. You hit the ice beast.
You feel better.
The ice beast is lightly wounded.
The ice beast hits you but does no damage.
You hit the ice beast.
You feel better.
You hit the ice beast.
You feel better.
The ice beast is moderately wounded.
The ice beast closely misses you.
You hit the ice beast. x2; You feel better.
The ice beast is heavily wounded.
The ice beast hits you. The ice beast freezes you!
You feel a terrible chill!
You hit the ice beast but do no damage. You hit the ice beast.
You feel better.
The ice beast is heavily wounded.
The ice beast closely misses you.
You hit the ice beast but do no damage. You barely miss the ice beast.
You punch the ice beast, but do no damage.
The ice beast is heavily wounded.
The ice beast closely misses you.
You hit the ice beast. You hit the ice beast but do no damage.
The ice beast is severely wounded.
The ice beast hits you. The ice beast freezes you!
You feel a terrible chill!
You are too injured to fight recklessly!
You are too injured to fight recklessly!
You hit the ice beast but do no damage. You completely miss the ice beast.
The ice beast is severely wounded.
The ice beast hits you. The ice beast freezes you!
You feel a terrible chill!
You barely miss the ice beast. x2
The ice beast is severely wounded.
The ice beast hits you.
* * * LOW HITPOINT WARNING * * *
The ice beast freezes you!!
You feel a terrible chill!
You die...

..# .. ...###
#..#
......####...#
............#
...........#
.....Y.....#
).....@...##
...........## ##
..####......###..
####.......#
##......#
#..[..## #......#
#......##
###.......#


You could see an ice beast.

Vanquished Creatures
  Grinder (D:4)
  2 ogres
  A hound (D:3)
  A gnoll bouda (D:3)
  An orc priest (D:3)
  A jelly (D:4)
  Ijyb (D:4)
  An iguana (D:4)
  An orc wizard (D:3)
  Robin (D:4)
  5 gnolls (D:3)
  4 adders
  A white imp (D:5)
  2 worms (D:3)
  3 dart slugs
  7 orcs
  5 ball pythons
  6 bats (D:1)
  7 endoplasms
  6 giant cockroaches
  18 goblins
  10 hobgoblins
  2 jackals (D:2)
  5 quokkas
  3 frilled lizards
  9 kobolds
  3 rats
107 creatures vanquished.

Notes
Turn   | Place    | Note
-------+----------+-------------------------------------------
     0 | D:1      | porpoise the Demonspawn Enchanter began the quest for the
                  | Orb.
     0 | D:1      | Reached XP level 1. HP: 13/13 MP: 3/3
    41 | D:1      | Reached skill level 1 in Short Blades
   214 | D:1      | Gained mutation: You are partially covered in yellow
                  | scales. (AC +2) [demonic ancestry]
   214 | D:1      | Reached XP level 2. HP: 12/19 MP: 5/5
   313 | D:1      | Noticed a glass eye
   328 | D:1      | Noticed a shining eye
   341 | D:1      | Found a faded altar of an unknown god.
   343 | D:1      | Noticed a glass eye
   353 | D:1      | Noticed an eye of devastation
   496 | D:1      | Gained mutation: You regenerate magic rapidly. [demonic
                  | ancestry]
   496 | D:1      | Reached XP level 3. HP: 24/24 MP: 6/6
   607 | D:1      | Learned a level 2 spell: Ensorcelled Hibernation
   611 | D:1      | Learned a level 3 spell: Confusing Touch
   870 | D:2      | Identified 3 scrolls of acquirement
   871 | D:2      | Acquired the scarf of Twilight {shadows, rElec rC- rCorr
                  | Dex+6}
   878 | D:2      | Acquired a +4 vampiric quick blade
  1844 | D:3      | Identified the "Koskoesi"
  1869 | D:3      | Reached XP level 4. HP: 27/30 MP: 7/7
  2031 | D:3      | Reached skill level 1 in Ice Magic
  2081 | D:3      | Noticed an ogre
  2090 | D:3      | Killed an ogre
  2091 | D:3      | Reached skill level 4 in Hexes
  2091 | D:3      | Gained mutation: When hurt, damage is shared between your
                  | health and your magic reserves. [demonic ancestry]
  2091 | D:3      | Reached XP level 5. HP: 14/35 MP: 8/8
  2263 | D:3      | Found a sparkling altar of Nemelex Xobeh.
  2265 | D:3      | Found an opulent altar of Gozag.
  2266 | D:3      | Found a bloodstained altar of Trog.
  2266 | D:3      | Found a burning altar of Makhleb.
  2271 | D:3      | Found an iron altar of Okawaru.
  2271 | D:3      | Found a snail-covered altar of Cheibriados.
  3139 | D:3      | Reached XP level 6. HP: 28/41 MP: 5/9
  3526 | D:4      | Noticed Ijyb
  3564 | D:4      | Noticed Robin
  3565 | D:4      | Killed Ijyb
  3566 | D:4      | Reached skill level 5 in Hexes
  3582 | D:4      | Killed Robin
  3729 | D:4      | Learned a level 3 spell: Tukima's Dance
  3807 | D:4      | Noticed Grinder
  3827 | D:4      | Killed Grinder
  3828 | D:4      | Gained mutation: You are mostly covered in yellow scales.
                  | (AC +3) [demonic ancestry]
  3828 | D:4      | Reached XP level 7. HP: 46/46 MP: 9/11
  4323 | D:5      | Entered Level 5 of the Dungeon
  4434 | D:5      | Slain by an ice beast

Illustrated notes

Levels and vault maps discovered:
D:1:      dpeg_arrival_rooms_b, layout_rooms,
          hellmonk_ecumenical_altar_watching_god, minmay_split_cup_small
D:2:      layout_basic
D:3:      layout_basic, grunt_temple_overflow_open
D:4:      layout_cave_pools, uniq_grinder, uniq_robin, uniq_ijyb
D:5:      layout_layer_cave, tgw_fedhas, minmay_temple_entry_stoned_glass

Skill      XL: |  1  2  3  4  5  6  7 |
---------------+----------------------+-----
Short Blades   | 1 2 3 |  3.7
Ice Magic      | 1 2 3 |  3.0
Stealth        | 3 4 |  4.0
Hexes          | 4 5 |  5.7
Spellcasting   | 3 |  3.2
Dodging        | |  1.7

Action                     |  1- 3 |  4- 6 |  7- 9 || total
---------------------------+-------+-------+-------++-------
  Melee: Dagger            |    20 |       |       ||    20
         Short sword       |    69 |       |       ||    69
         Quick blade       |    40 |   242 |    48 ||   330
         Punch             |       |     4 |     3 ||     7
  Throw: Dart              |       |     2 |       ||     2
   Cast: Confusing Touch   |       |     1 |       ||     1
  Evoke: Wand              |       |     6 |       ||     6
    Use: Scroll            |     3 |     2 |     1 ||     6
         Potion            |       |     2 |       ||     2
   Stab: Sleeping          |     6 |     5 |       ||    11
         Confused          |       |     1 |       ||     1
 Armour: Robe              |    74 |    98 |    19 ||   191
  Dodge: Dodged            |    77 |   100 |    10 ||   187

Table legend: (Time is in decaauts)
 A = Elapsed time spent in this place.
 B = Non-inter-level travel time spent in this place.
 C = Inter-level travel time spent in this place.
 D = Time resting spent in this place.
 E = Time spent auto-exploring this place.
 F = Levels seen in this place.
 G = Mean time per level.
                   A        B        C        D        E       F      G
               +--------+--------+--------+--------+--------+-----+--------+
         Total |   4446 |   4266 |    180 |   1060 |   2417 |   5 |  889.2 |
       Dungeon |   4446 |   4266 |    180 |   1060 |   2417 |   5 |  889.2 |
               +--------+--------+--------+--------+--------+-----+--------+

Top non-repeatable levels by time:
     D:3: 1610 daAuts
     D:2: 1019 daAuts
     D:4: 887 daAuts
     D:1: 819 daAuts
     D:5: 109 daAuts
